 Dungeon Crawl Stone Soup version 0.26.0-10-g1f06aea511 (webtiles) character file.

Game seed: 10527517571296018358

512616 MajorAdolf the Evocator (level 24, 209/225 HPs)
             Began as a Naga Wanderer on Jan 17, 2021.
             Was an Initiate of Gozag.
             Quit the game on level 1 of the Depths.
             The game lasted 01:54:39 (73827 turns).

MajorAdolf the Evocator (Naga Wanderer)            Turns: 73827, Time: 01:54:40

Health: 209/225    AC: 42    Str: 26    XL:     24   Next: 77%
Magic:  20/20      EV: 14    Int: 14    God:    Gozag
Gold:   1117       SH: 24    Dex: 22    Spells: 23/23 levels left

rFire    + + .     SeeInvis +   Y - +9 broad axe (drain)
rCold    + . .     Faith    .   x - +2 tower shield
rNeg     . . .     Spirit   +   y - +13 plate armour of the Gardener {rF- Str+7}
rPois    +         Reflect  .   (helmet restricted)
rElec    +         Harm     .   E - scarf {rC+ rF+}
rCorr    .         Rampage  .   c - +2 pair of gloves {Dex+3}
Will     +++..                  Q - +0 barding {Stlth+}
Stlth    +.........             H - amulet of guardian spirit
HPRegen  0.47/turn              l - ring "Isoykhl Toex" {rF+ Slay+3}
MPRegen  0.17/turn              j - ring "Uxeir" {rElec Dex+6 Stlth+}

@: gold aura, very slow
A: large, horns 1, stinger 1, camouflage 1, see invisible, blink, deformed body,
deterioration 1, fire resistance 1, low mp 1, poison resistance, slowness 2,
spit poison 1, weak 2, no potion heal 2, subdued magic 1, constrict 1, AC +8
}: 4/15 runes: decaying, serpentine, slimy, silver
a: Spit Poison, Blink, Renounce Religion, Potion Petition, Call Merchant, Bribe
Branch


You were on level 1 of the Depths.
You worshipped Gozag.
Gozag was most pleased with you.
You visited 10 branches of the dungeon, and saw 46 of its levels.
You visited the Abyss 1 time.
You visited 1 bazaar.
You also visited: Sewer, Ossuary and Bailey.

You collected 23010 gold pieces.
You spent 15855 gold pieces at shops.
You paid 6038 gold pieces to Gozag.

Inventory:

Hand Weapons
 Y - a +9 broad axe of draining (weapon)
Armour
 c - a +2 pair of gloves of dexterity (worn)
 d - a +2 helmet of see invisible
 x - a +2 tower shield (worn)
 y - the +13 plate armour of the Gardener (worn) {rF- Str+7}
   (You bought it in a shop on level 11 of the Dungeon)

   It affects your strength (+7).
   It makes you vulnerable to fire.
 E - a scarf of resistance (worn)
 I - a +1 cloak of willpower
 Q - a +0 barding of stealth (worn)
Jewellery
 j - the ring "Uxeir" (right hand) {rElec Dex+6 Stlth+}
   (You bought it in a shop on level 14 of the Dungeon)

   [ring of dexterity]

   It affects your dexterity (+6).
   It insulates you from electricity.
   It makes you more stealthy.
 l - the ring "Isoykhl Toex" (left hand) {rF+ Slay+3}
   (You bought it in a shop on level 14 of the Dungeon)

   [ring of protection from fire]

   It affects your accuracy and damage with ranged weapons and melee attacks
   (+3).
   It protects you from fire.
 o - an uncursed ring of positive energy
 H - an amulet of guardian spirit (around neck)
Wands
 k - a wand of acid (15)
 p - a wand of digging (11)
 v - a wand of paralysis (15)
 V - a wand of disintegration (17)
 W - a wand of iceblast (10)
Scrolls
 a - 5 scrolls of amnesia
 e - 7 scrolls of fear
 g - 3 scrolls of vulnerability
 h - 27 scrolls of remove curse
 i - 8 scrolls of fog
 s - a scroll of holy word
 t - a scroll of summoning
 w - 11 scrolls of teleportation
 J - 11 scrolls of enchant armour
 K - a scroll of enchant weapon
 N - 33 scrolls of identify
 O - 3 scrolls of blinking
 T - 10 scrolls of magic mapping
 Z - 4 scrolls of immolation
Potions
 b - 26 potions of curing
 m - 5 potions of might
 q - 2 potions of brilliance
 u - 10 potions of flight
 z - 8 potions of haste
 A - 4 potions of magic
 C - 3 potions of invisibility
 D - a potion of ambrosia
 F - 2 potions of berserk rage
 G - a potion of heal wounds
 L - 2 potions of resistance
 P - 5 potions of cancellation
 U - 5 potions of lignification
Miscellaneous
 f - a box of beasts
 n - a tin of tremorstones (inert)
 B - a phantom mirror
 S - a lightning rod (4/4)


   Skills:
 + Level 15.0 Fighting
 - Level 18.0 Axes
 - Level 1.7 Bows
 + Level 14.1 Armour
 + Level 15.3 Dodging
 - Level 3.0 Stealth
 - Level 15.0 Shields
 * Level 21.3 Evocations


You had 23 spell levels left.
You didn't know any spells.
Your spell library contained the following spells:

 Spells                   Type           Power        Failure   Level
 Animate Skeleton         Necr           0%           89%         1
 Apportation              Tloc           0%           89%         1
 Beastly Appendage        Tmut           0%           89%         1
 Corona                   Hex            0%           89%         1
 Foxfire                  Conj/Fire      0%           89%         1
 Freeze                   Ice            0%           89%         1
 Pain                     Necr           0%           89%         1
 Sandblast                Erth           0%           89%         1
 Sting                    Tmut/Pois      0%           89%         1
 Summon Small Mammal      Summ           0%           89%         1
 Blink                    Tloc           N/A          96%         2
 Call Imp                 Summ           0%           96%         2
 Corpse Rot               Necr/Air       N/A          96%         2
 Passwall                 Tmut/Erth      0%           96%         2
 Poisonous Vapours        Pois/Air       0%           96%         2
 Sublimation of Blood     Necr           0%           96%         2
 Wereblood                Tmut           0%           96%         2
 Call Canine Familiar     Summ           0%           99%         3
 Confusing Touch          Hex            0%           99%         3
 Conjure Flame            Conj/Fire      0%           99%         3
 Frozen Ramparts          Ice            0%           99%         3
 Gell's Gravitas          Tloc           0%           99%         3
 Ignite Poison            Fire/Tmut/Pois 0%           99%         3
 Inner Flame              Hex/Fire       0%           99%         3
 Mephitic Cloud           Conj/Pois/Air  0%           99%         3
 Spider Form              Tmut/Pois      0%           99%         3
 Stone Arrow              Conj/Erth      0%           99%         3
 Summon Guardian Golem    Hex/Summ       0%           99%         3
 Vampiric Draining        Necr           0%           99%         3
 Animate Dead             Necr           0%           100%        4
 Cause Fear               Hex            0%           100%        4
 Hailstorm                Conj/Ice       0%           100%        4
 Ice Form                 Ice/Tmut       0%           100%        4
 Olgreb's Toxic Radiance  Pois           0%           100%        4
 Passage of Golubria      Tloc           N/A          100%        4
 Petrify                  Tmut/Erth      0%           100%        4
 Sticky Flame             Conj/Fire      0%           100%        4
 Summon Ice Beast         Ice/Summ       0%           100%        4
 Summon Lightning Spire   Summ/Air       0%           100%        4
 Agony                    Necr           0%           100%        5
 Blade Hands              Tmut           0%           100%        5
 Fireball                 Conj/Fire      0%           100%        5
 Lee's Rapid Deconstruct  Erth           0%           100%        5
 Lightning Bolt           Conj/Air       0%           100%        5
 Metabolic Englaciation   Hex/Ice        0%           100%        5
 Silence                  Hex/Air        0%           100%        5
 Summon Demon             Summ           0%           100%        5
 Summon Forest            Summ/Tloc      0%           100%        5
 Summon Mana Viper        Hex/Summ       0%           100%        5
 Yara's Violent Unravell  Hex/Tmut       0%           100%        5
 Conjure Ball Lightning   Conj/Air       0%           100%        6
 Shadow Creatures         Summ           N/A          100%        6
 Simulacrum               Ice/Necr       0%           100%        6
 Starburst                Conj/Fire      0%           100%        6
 Dragon Form              Tmut           0%           100%        7
 Haunt                    Necr/Summ      0%           100%        7
 Malign Gateway           Summ/Tloc      0%           100%        7
 Monstrous Menagerie      Summ           0%           100%        7
 Spellforged Servitor     Conj/Summ      0%           100%        7
 Summon Greater Demon     Summ           0%           100%        7
 Summon Hydra             Summ           0%           100%        7
 Borgnjor's Revivificati  Necr           0%           100%        8
 Chain Lightning          Conj/Air       0%           100%        8
 Discord                  Hex            0%           100%        8
 Ignition                 Fire           0%           100%        8
 Infestation              Necr           0%           100%        8
 Lehudib's Crystal Spear  Conj/Erth      0%           100%        8
 Necromutation            Tmut/Necr      0%           100%        8
 Summon Horrible Things   Summ           0%           100%        8
 Absolute Zero            Ice            0%           100%        9
 Death's Door             Necr           0%           100%        9
 Dragon's Call            Summ           0%           100%        9
 Fire Storm               Conj/Fire      0%           100%        9
 Tornado                  Air            0%           100%        9


Dungeon Overview and Level Annotations

Branches:
Dungeon (15/15)            Temple (1/1) D:7            Lair (6/6) D:8
  Swamp (4/4) Lair:4        Snake (4/4) Lair:3        Slime (5/5) Lair:6
    Orc (2/2) D:10            Elf (3/3) Orc:2        Vaults (5/5) D:14
  Crypt (0/3) Vaults:2     Depths (1/5) D:15          Sewer (visited)
Ossuary (visited)          Bailey (visited)

Altars:
Ashenzari
Cheibriados
Dithmenos
Elyvilon
Fedhas
Gozag
Hepliaklqana
Kikubaaqudgha
Makhleb
Nemelex Xobeh
Okawaru
Qazlal
Ru
Sif Muna
Trog
Uskayaw
Vehumet
Wu Jian
Xom
Yredelemnul
Zin
The Shining One
Beogh
Jiyva

Shops:
D:7 (   D:10 [   D:11 [   D:12 (   D:13 ?   D:14 [=   Orc:1 [   Orc:2 (=?(
Snake:3 !   Slime:1 **   Vaults:1 [   Vaults:4 !


Innate Abilities, Weirdness & Mutations

You cannot wear boots.
Your serpentine skin is tough. (AC +8)
You have supernaturally acute eyesight. (SInv)
Armour fits poorly on your strangely shaped body.
Your system is resistant to poisons. (rPois)
You cover ground very slowly.
You can spit poison.
You can use your snake-like lower body to constrict enemies.
You have a pair of small horns on your head.
Your tail ends in a poisonous barb.
Your skin changes colour to match your surroundings (Stealth+).
You can translocate small distances at will.
Your body sometimes deteriorates upon taking damage.
Your flesh is heat resistant. (rF+)
Your magical capacity is low. (-10% MP)
You are very weak. (Str -4)
Potions are poor at restoring your health.
Your spells are a little easier to cast, but a little less powerful.


Message History

A yaktaur is nearby!
A yaktaur is nearby!
A yaktaur is nearby!
You completely miss the yaktaur.
The yaktaur is no longer distracted by gold.
The yaktaur shouts!
Your tail-slap misses the yaktaur.
The yaktaur unwields a +0 arbalest.
You block the yaktaur's attack.
You hit the yaktaur. You tail-slap the yaktaur.
The yaktaur is poisoned.
The yaktaur is lightly wounded.
You block the yaktaur's attack.
You slash the yaktaur! You drain the yaktaur. You headbutt the yaktaur.
The yaktaur is heavily wounded.
Unknown command.
You slice the yaktaur!! You drain the yaktaur.
You kill the yaktaur!
Unknown command.
No target in view!
Unknown command.
Are you sure you want to abandon this character and quit the game? (Confirm with "yes".)

.......## #. .. . #
#..#.... .##. ..#..#[
#.#...#..##...##..#...#
#..#..#....##......#..#.
#..#.......(.#.##.......
#...##...).#(#...##.#...
#.#...##)..#(.#........
#.###...##.#$(.....#.#..
#........###..($@$......
##......##.##..$....###.
##.(####...##....#.#
#(.........##...# #
######......#..##
#...#......#.##
#..##........#
#...##....#.#
#....#....#


There were no monsters in sight!

Vanquished Creatures
  the Royal Jelly (Slime:5)
  Dissolution (Slime:1)
  Mara (Vaults:2)
  Bai Suzhen (Vaults:4)
  Frederick (Vaults:4)
  Boris (Vaults:2)
  Vashnia (Snake:4)
  Saint Roka (Vaults:2)
  3 golden dragons (Vaults:5)
  Nikola (Snake:1)
  Jorgrun (Swamp:2)
  A lich (Vaults:1)
  Asterion (Snake:2)
  Rupert (D:14)
  2 deep elf blademasters (Elf:3)
  4 titans (Vaults:5)
  16 acid blobs
  2 deep elf master archers (Elf:3)
  The ghost of Timpihef the Spry, an adept OpAK of Lugonu (Elf:1)
  Frances (D:14)
  6 sphinxes
  3 shadow dragons (Vaults:5)
  5 tengu reavers (Vaults:5)
  Kirke (D:12)
  3 storm dragons (Vaults:5)
  A revenant (Vaults:2)
  5 fire giants (Vaults:5)
  6 nagarajas (Snake:4)
  15 azure jellies
  6 frost giants
  The ghost of Ficoysum the Archer, a journeyman GnWn of Zin (D:14)
  2 deep elf sorcerers
  An iron dragon (Vaults:5)
  The ghost of vatarom the Warrior, an adept DsGl of Hepliaklqana (Orc:2)
  Louise (D:15)
  14 vault wardens
  An orc warlord (Vaults:2)
  The ghost of Nuepoake the Grappler, a journeyman NaTm of Cheibriados (Lair:6)
  6 deep elf elementalists (Elf:3)
  14 ironheart preservers
  3 very ugly things
  A ghoul (Swamp:1)
  A war gargoyle (Vaults:5)
  3 deep elf demonologists
  11 stone giants
  7 deep elf annihilators
  7 bunyips
  A minotaur (D:14)
  Snorg (Lair:4)
  4 dire elephants (Lair:6)
  7 deep elf death magi
  6 ettins
  A crystal guardian (Vaults:4)
  2 eleionomae
  6 death oozes (Slime:5)
  2 fire dragons (Vaults:1)
  6 great orbs of eyes
  4 deep elf high priests
  4 rakshasas
  3 ice dragons
  11 yaktaur captains
  Fannar (Orc:1)
  Harold (Orc:1)
  12 naga warriors
  18 hydras
  26 vault guards
  5 boulder beetles
  4 ghost crabs
  3 death knights
  Erica (D:10)
  9 alligators
  12 centaur warriors
  8 anacondas
  A tengu warrior (D:15)
  13 ogre magi
  A deep troll earth mage (Vaults:2)
  A death yak (shapeshifter) (Vaults:5)
  42 two-headed ogres
  10 orc high priests
  17 naga sharpshooters
  A deep troll shaman (Vaults:1)
  2 vampire magi (Vaults:2)
  12 shock serpents
  A fire crab (Lair:4)
  18 deep elf knights
  2 fire crabs (shapeshifter)
  2 shadow wraiths
  3 salamander mystics (Snake:4)
  6 skeletal warriors
  4 unseen horrors
  6 goliath frogs
  A flayed ghost (Vaults:3)
  2 glowing orange brains
  7 deep trolls
  5 spriggan druids
  8 swamp dragons
  15 bog bodies
  An orange crystal statue (Vaults:3)
  4 wizards
  7 naga ritualists
  13 deep elf archers
  A harpy (Vaults:4)
  17 ironbrand convokers
  16 orc knights
  7 mana vipers
  7 phantasmal warriors
  4 necromancers
  5 orc sorcerers
  6 wolf spiders
  3 oklob plants (Lair:5)
  28 ugly things
  8 shining eyes
  A faun (shapeshifter) (Vaults:1)
  46 deep elf magi
  2 manticores
  3 will-o-the-wisps
  4 salamanders
  A moth of wrath (shapeshifter) (Vaults:3)
  3 cyclopes
  Maurice (D:12)
  4 elephants (Lair:6)
  A centaur zombie (D:13)
  8 guardian serpents
  17 naga magi
  15 vault sentinels
  32 black mambas
  2 eyes of devastation
  2 black mambas (shapeshifter)
  3 gargoyles
  2 rime drakes
  10 freezing wraiths
  9 cane toads
  A yaktaur zombie (Vaults:1)
  A cane toad (shapeshifter) (Vaults:2)
  A kobold demonologist (D:11)
  A komodo dragon (shapeshifter) (Depths:1)
  38 yaktaurs
  8 komodo dragons
  A tengu conjurer (D:14)
  6 trolls
  A bloated husk (Swamp:2)
  2 jumping spiders (shapeshifter)
  8 hornets
  2 polar bears
  A hornet (shapeshifter) (Vaults:2)
  4 blink frogs (Lair:4)
  4 tyrant leeches
  2 blink frogs (shapeshifter) (Vaults:2)
  A snapping turtle (shapeshifter) (Vaults:4)
  19 dream sheep
  77 slime creatures
  A meliai zombie (D:14)
  3 human simulacra
  A spriggan (shapeshifter) (Vaults:1)
  2 shadows
  7 spriggans
  5 hogs (D:12)
  5 wyverns
  Sigmund (D:2)
  A redback (shapeshifter) (Vaults:3)
  2 vampires
  3 water elementals
  4 wraiths
  4 air elementals
  3 basilisks
  8 golden eyes
  32 yaks
  21 humans (D:14)
  6 swamp worm simulacra (Swamp:4)
  14 swamp worms
  A naga (shapeshifter) (Vaults:2)
  4 wargs
  50 nagas
  6 vampire mosquitoes
  A soldier ant (shapeshifter) (Vaults:5)
  6 acid dragons
  A soldier ant (D:14)
  19 water moccasins
  14 hydra simulacra (Swamp:4)
  52 orc warriors
  An elf skeleton (Vaults:1)
  11 ice beasts
  5 sky beasts
  4 phantoms
  3 swamp drakes (Swamp:2)
  38 wolves
  4 eyes of draining
  A black bear (D:11)
  5 necrophages
  26 centaurs
  A human skeleton (Vaults:1)
  41 ogres
  A tengu (shapeshifter) (Vaults:3)
  9 boggarts
  A big kobold (D:10)
  21 bullfrogs
  6 earth elementals
  A glowing shapeshifter simulacrum (Vaults:1)
  A water moccasin zombie (Ossuary)
  A deep troll simulacrum (Vaults:1)
  A wyvern skeleton (D:10)
  4 scorpions
  A scorpion (shapeshifter) (Vaults:5)
  7 killer bees
  4 howler monkeys
  3 wights (D:15)
  5 lava snakes (Snake:1)
  A bullfrog zombie (D:6)
  10 hounds
  9 jellies
  32 orc wizards
  34 orc priests
  A bullfrog skeleton (D:11)
  8 centaur skeletons
  3 iguanas
  Natasha (D:2)
  9 worker ants
  A big kobold zombie (Ossuary)
  A hound skeleton (D:4)
  2 mummies (Ossuary)
  A worker ant zombie (D:11)
  8 gnolls (D:7)
  20 adders
  4 river rats (Sewer)
  2 shadow imps
  4 white imps
  3 ufetubi
  12 oozes
  2 swamp drake simulacra (Swamp:4)
  2 adder skeletons
  5 adder zombies (Ossuary)
  4 worms
  A dart slug (D:3)
  7 leopard geckos
  118 orcs
  9 ball pythons
  12 bats
  10 giant cockroaches
  5 gnoll zombies (Ossuary)
  13 goblins
  8 hobgoblins
  8 jackals
  27 kobolds
  6 quokkas
  5 frilled lizards
  6 hobgoblin zombies (Ossuary)
  4 kobold zombies (Ossuary)
  9 orc zombies (Ossuary)
  A quokka skeleton (D:4)
  27 rats
1915 creatures vanquished.

Vanquished Creatures (collateral kills)
  3 vault guards (Vaults:5)
  Urug (D:10)
  A centaur skeleton (D:10)
  A yaktaur (Vaults:5)
  A naga (Snake:4)
  A hound (D:10)
8 creatures vanquished.

Vanquished Creatures (others)
  A vault guard (Vaults:5)
  A two-headed ogre (Vaults:5)
  23 dancing weapons
  An ogre (Vaults:5)
  An orc (Vaults:1)
  A bush (Lair:6)
  26 foxfires
  37 fungi
  58 plants
149 creatures vanquished.

Grand Total: 2072 creatures vanquished

Notes
Turn   | Place    | Note
-------+----------+-------------------------------------------
     0 | D:1      | MajorAdolf the Naga Wanderer began the quest for the Orb.
     0 | D:1      | MajorAdolf set off with the following items: a +0 club, a
                  | potion of curing, a potion of lignification, a +2 scale
                  | mail, a +0 dagger
     0 | D:1      | Reached XP level 1. HP: 21/21 MP: 1/1
   187 | D:1      | Reached XP level 2. HP: 21/28 MP: 2/2
  1373 | D:1      | Reached XP level 3. HP: 34/34 MP: 3/3
  1448 | D:1      | Reached skill level 1 in Dodging
  2179 | D:2      | Reached skill level 1 in Axes
  2434 | D:2      | Noticed Sigmund
  2460 | D:2      | Killed Sigmund
  2461 | D:2      | Reached skill level 1 in Shields
  2461 | D:2      | Reached skill level 1 in Evocations
  2461 | D:2      | Reached XP level 4. HP: 44/44 MP: 4/4
  2461 | D:2      | Reached XP level 5. HP: 50/50 MP: 5/5
  2670 | D:2      | Noticed Natasha
  2687 | D:2      | Killed Natasha
  2688 | D:2      | Reached XP level 6. HP: 46/57 MP: 6/6
  3062 | D:3      | Found a glowing drain.
  3066 | Sewer    | Entered a sewer
  3387 | Sewer    | Reached skill level 2 in Evocations
  4253 | D:3      | Found a sacrificial altar of Ru.
  4265 | D:3      | Reached XP level 7. HP: 64/64 MP: 7/7
  5169 | D:4      | Reached skill level 3 in Evocations
  5195 | D:4      | Reached XP level 8. HP: 63/73 MP: 8/8
  6126 | D:5      | Entered Level 5 of the Dungeon
  6248 | D:5      | Found a sand-covered staircase.
  6257 | Ossuary  | Entered an ossuary
  6441 | Ossuary  | Reached skill level 5 in Fighting
  6985 | D:5      | Found a snail-covered altar of Cheibriados.
  7498 | D:6      | Reached skill level 4 in Evocations
  7696 | D:6      | Reached XP level 9. HP: 81/81 MP: 9/9
  8191 | D:6      | Reached skill level 5 in Axes
  8191 | D:6      | Reached skill level 5 in Evocations
  8385 | D:6      | Noticed a two-headed ogre
  8399 | D:6      | Killed a two-headed ogre
  8814 | D:6      | Reached skill level 5 in Armour
  9341 | D:7      | Reached XP level 10. HP: 85/91 MP: 10/10
  9358 | D:7      | Found a flagged portal.
  9373 | Bailey   | Entered a bailey
  9373 | Bailey   | Noticed an orc knight
  9699 | Bailey   | Reached skill level 5 in Shields
  9699 | Bailey   | Reached skill level 6 in Evocations
  9858 | Bailey   | Killed an orc knight
 10654 | D:7      | Found Agiqomuet's Antique Weapon Emporium.
 10802 | D:7      | Found a staircase to the Ecumenical Temple.
 11292 | Temple   | Entered the Ecumenical Temple
 11547 | Temple   | Became a worshipper of Gozag Ym Sagoz the Greedy
 11609 | D:7      | Bought an iridescent broad axe for 261 gold pieces
 11609 | D:7      | Identified the +6 broad axe of Vanuotz {flame, *Slow +Blink
                  | rPois Str+7 Stlth+} (You bought it in a shop on level 7 of
                  | the Dungeon)
 11706 | D:8      | Reached skill level 7 in Evocations
 11708 | D:8      | Reached skill level 5 in Dodging
 11890 | D:8      | Found a staircase to the Lair.
 12113 | D:8      | Reached XP level 11. HP: 97/99 MP: 11/11
 13061 | D:10     | Entered Level 10 of the Dungeon
 13067 | D:10     | Found a staircase to the Orcish Mines.
 13097 | D:10     | Noticed Erica
 13106 | D:10     | Killed Erica
 13309 | D:10     | Noticed Urug
 13321 | D:10     | Killed Urug
 13585 | D:10     | Noticed a two-headed ogre
 13585 | D:10     | Noticed a two-headed ogre
 13589 | D:10     | Killed a two-headed ogre
 13590 | D:10     | Reached skill level 8 in Evocations
 13595 | D:10     | Killed a two-headed ogre
 13699 | D:10     | Noticed a two-headed ogre
 13704 | D:10     | Killed a two-headed ogre
 13803 | D:10     | Found Baaroyx's Armour Shop.
 13810 | D:10     | Bought a +0 barding of stealth for 390 gold pieces
 14301 | D:11     | Noticed a skeletal warrior
 14303 | D:11     | Noticed a death knight
 14303 | D:11     | Noticed a phantasmal warrior
 14304 | D:11     | Reached XP level 12. HP: 109/109 MP: 12/12
 14538 | D:11     | Noticed a two-headed ogre
 14546 | D:11     | Killed a two-headed ogre
 14966 | D:11     | Reached skill level 9 in Evocations
 15040 | D:11     | Found a bloodstained altar of Trog.
 15309 | D:11     | Killed a death knight
 15531 | D:11     | Noticed a boulder beetle
 15900 | D:11     | Bought a pair of glowing gloves for 225 gold pieces
 16071 | D:11     | Identified the ring "Teano" {Dex+2 Stlth-}
 16087 | D:11     | Found the +2 hat of the Bear Spirit {Spirit, +Rage rN+
                  | Will++}
 16384 | D:11     | Killed a boulder beetle
 17775 | D:12     | Gained mutation: You can use your snake-like lower body to
                  | constrict enemies. [Naga growth]
 17775 | D:12     | Reached XP level 13. HP: 107/117 MP: 13/13
 17799 | D:12     | Reached skill level 10 in Axes
 17875 | D:12     | Found Mided's Antique Weapon Shop.
 17899 | D:12     | Noticed Kirke
 17907 | D:12     | Reached skill level 10 in Evocations
 18072 | D:12     | Killed Kirke
 18156 | D:12     | Noticed Maurice
 18166 | D:12     | Killed Maurice
 19265 | D:13     | Found Duxe's Magic Scroll Shop.
 19277 | D:13     | Bought a scroll of teleportation for 48 gold pieces
 19277 | D:13     | Bought a scroll of summoning for 152 gold pieces
 19277 | D:13     | Bought a scroll of teleportation for 48 gold pieces
 19277 | D:13     | Bought a scroll of holy word for 120 gold pieces
 19277 | D:13     | Bought a scroll of enchant weapon for 120 gold pieces
 19277 | D:13     | Bought a scroll of enchant weapon for 120 gold pieces
 19277 | D:13     | Bought a scroll of fog for 32 gold pieces
 19277 | D:13     | Bought a scroll of fog for 32 gold pieces
 19277 | D:13     | Bought a scroll of fog for 32 gold pieces
 20182 | D:14     | Found a runed translucent gate.
 20182 | D:14     | Found a runed translucent gate.
 20182 | D:14     | Found a runed translucent gate.
 20182 | D:14     | Noticed a minotaur
 20183 | D:14     | Noticed Ficoysum's ghost (journeyman GnWn)
 20481 | D:14     | Cast into level 3 of the Abyss (a wizard)
 20533 | Abyss:3  | Reached XP level 14. HP: 101/127 MP: 14/14
 20539 | Abyss:3  | Reached skill level 11 in Evocations
 20584 | D:14     | Escaped the Abyss
 20718 | D:14     | Found a gate to the Vaults.
 21071 | D:14     | Noticed Frances
 21079 | D:14     | Killed Frances
 21190 | D:14     | Noticed Rupert
 21209 | D:14     | Killed Rupert
 21906 | D:14     | Identified the Compendium of Transmigration and Combat
                  | Magic
 22427 | D:15     | Entered Level 15 of the Dungeon
 22600 | D:15     | Noticed Louise
 22613 | D:15     | Reached skill level 10 in Shields
 22624 | D:15     | Killed Louise
 23190 | D:15     | Found a staircase to the Depths.
 23190 | D:15     | Noticed a frost giant
 23209 | D:15     | Killed a frost giant
 23900 | D:15     | Reached skill level 12 in Evocations
 24335 | D:11     | Reached XP level 15. HP: 115/136 MP: 15/15
 24470 | Lair:1   | Entered Level 1 of the Lair of Beasts
 25459 | Lair:2   | Reached skill level 10 in Dodging
 26443 | Lair:3   | Found a staircase to the Snake Pit.
 27953 | Lair:4   | Noticed Snorg
 27974 | Lair:4   | Killed Snorg
 28519 | Lair:4   | Reached skill level 10 in Fighting
 28766 | Lair:4   | Found a staircase to the Swamp.
 29353 | Lair:5   | Identified a scroll of acquirement
 29353 | Lair:5   | Acquired 571 gold pieces
 29686 | Lair:5   | Got a fine ring mail
 29698 | Lair:5   | Identified the +2 ring mail of Life {rPois} (You found it
                  | on level 5 of the Lair of Beasts)
 30485 | Lair:6   | Entered Level 6 of the Lair of Beasts
 31625 | Lair:6   | Reached skill level 13 in Evocations
 31704 | Lair:6   | Reached XP level 16. HP: 146/146 MP: 16/16
 31803 | Lair:6   | Found a runed translucent door.
 31804 | Lair:6   | Noticed Nuepoake's ghost (journeyman NaTm)
 31961 | Lair:6   | Found a viscous altar of Jiyva.
 31961 | Lair:6   | Found a staircase to the Slime Pits.
 32163 | Lair:6   | Killed Nuepoake's ghost
 32449 | D:11     | Bought a glowing crystal plate armour for 2490 gold pieces
 32459 | D:11     | Bought a heavily runed plate armour for 840 gold pieces
 32469 | D:11     | Identified the +13 plate armour of the Gardener {rF- Str+7}
                  | (You bought it in a shop on level 11 of the Dungeon)
 32755 | Slime:1  | Entered Level 1 of the Pits of Slime
 33066 | Lair:6   | Got a fine granite ring
 33427 | Orc:1    | Entered Level 1 of the Orcish Mines
 33457 | Orc:1    | Noticed Fannar
 33467 | Orc:1    | Killed Fannar
 33473 | Orc:1    | Identified the ring "Dufakk" {Will+ Int+5} (You found it on
                  | level 6 of the Lair of Beasts)
 33620 | Orc:1    | Found Ossu's Antique Armour Boutique.
 33633 | Orc:1    | Bought a pair of runed gloves for 180 gold pieces
 33633 | Orc:1    | Bought a shiny plate armour for 624 gold pieces
 33757 | Orc:1    | Found a roughly hewn altar of Beogh.
 33859 | Orc:1    | Noticed Harold
 33870 | Orc:1    | Killed Harold
 33902 | Orc:2    | Entered Level 2 of the Orcish Mines
 34023 | Orc:2    | Found a staircase to the Elven Halls.
 34073 | Orc:2    | Found a transporter.
 34076 | Orc:2    | Found a transporter.
 34076 | Orc:2    | Noticed vatarom's ghost (adept DsGl)
 34313 | Orc:2    | Found Othrymuts's Jewellery Shoppe.
 34313 | Orc:2    | Found Ypto's Antique Weapon Emporium.
 34313 | Orc:2    | Found Coow Kex's Weapon Emporium.
 34372 | Orc:2    | HP: 7/146 [orc priest/divine providence (14)]
 35470 | Orc:2    | Found Oliubai's Magic Scroll Emporium.
 35478 | Orc:2    | Bought a scroll of teleportation for 45 gold pieces
 35478 | Orc:2    | Bought a scroll of teleportation for 45 gold pieces
 35478 | Orc:2    | Bought a scroll of enchant weapon for 112 gold pieces
 35478 | Orc:2    | Bought a scroll of magic mapping for 52 gold pieces
 35571 | Orc:2    | Killed vatarom's ghost
 35815 | Swamp:1  | Entered Level 1 of the Swamp
 35954 | Swamp:1  | HP: 4/146 [will-o-the-wisp/foxfire (32)]
 36581 | Orc:2    | Bought an uncursed ring of protection from fire for 275
                  | gold pieces
 37459 | Swamp:2  | Noticed Jorgrun
 37469 | Swamp:2  | Killed Jorgrun
 37470 | Swamp:2  | Reached skill level 14 in Evocations
 37585 | Swamp:2  | Reached XP level 17. HP: 149/153 MP: 17/17
 39498 | Swamp:4  | Entered Level 4 of the Swamp
 41023 | Swamp:4  | Reached skill level 10 in Armour
 41874 | Swamp:4  | Got a decaying rune of Zot
 42044 | Snake:1  | Entered Level 1 of the Snake Pit
 42501 | Snake:1  | Reached XP level 18. HP: 115/160 MP: 18/18
 42704 | Snake:1  | Noticed Nikola
 42738 | Snake:1  | Killed Nikola
 42739 | Snake:1  | Reached skill level 15 in Axes
 42739 | Snake:1  | Reached skill level 15 in Evocations
 43892 | Orc:2    | Bought the ring "Saopn" {*Tele rElec SInv} for 282 gold
                  | pieces
 44127 | Snake:2  | You fall into a shaft and drop 1 floor!
 44693 | Snake:3  | Found Juth's Distillery.
 44701 | Snake:3  | Bought a potion of mutation for 120 gold pieces
 44701 | Snake:3  | Gained mutation: Your mind is acute. (Int +2) [potion of
                  | mutation]
 44701 | Snake:3  | Gained mutation: Potions are less effective at restoring
                  | your health. [potion of mutation]
 44701 | Snake:3  | Gained mutation: You have sharp fingernails. [potion of
                  | mutation]
 44702 | Snake:3  | Lost mutation: You have sharp fingernails. [potion of
                  | mutation]
 44702 | Snake:3  | Lost mutation: Potions are less effective at restoring your
                  | health. [potion of mutation]
 44702 | Snake:3  | Gained mutation: You are agile. (Dex +2) [potion of
                  | mutation]
 44702 | Snake:3  | Gained mutation: You are frail. (-10% HP) [potion of
                  | mutation]
 44702 | Snake:3  | Gained mutation: Your body sometimes deteriorates upon
                  | taking damage. [potion of mutation]
 44702 | Snake:3  | Gained mutation: You expend magic power (3 MP) to
                  | strengthen your wands. [potion of mutation]
 44703 | Snake:3  | Lost mutation: Your body sometimes deteriorates upon taking
                  | damage. [potion of mutation]
 44703 | Snake:3  | Lost mutation: You are frail. (-10% HP) [potion of
                  | mutation]
 44703 | Snake:3  | Lost mutation: Your mind is acute. (Int +2) [potion of
                  | mutation]
 44703 | Snake:3  | Lost mutation: You are agile. (Dex +2) [potion of mutation]
 44703 | Snake:3  | Gained mutation: You are agile. (Dex +2) [potion of
                  | mutation]
 44703 | Snake:3  | Gained mutation: Potions are less effective at restoring
                  | your health. [potion of mutation]
 44703 | Snake:3  | Gained mutation: Your spells are a little harder to cast,
                  | but a little more powerful. [potion of mutation]
 44704 | Snake:3  | Lost mutation: Your spells are a little harder to cast, but
                  | a little more powerful. [potion of mutation]
 44704 | Snake:3  | Lost mutation: You expend magic power (3 MP) to strengthen
                  | your wands. [potion of mutation]
 44704 | Snake:3  | Lost mutation: Potions are less effective at restoring your
                  | health. [potion of mutation]
 44704 | Snake:3  | Lost mutation: You are agile. (Dex +2) [potion of mutation]
 44704 | Snake:3  | Gained mutation: Your spells are a little easier to cast,
                  | but a little less powerful. [potion of mutation]
 44704 | Snake:3  | Gained mutation: Your spells are easier to cast, but less
                  | powerful. [potion of mutation]
 44704 | Snake:3  | Gained mutation: Your flesh is heat resistant. (rF+)
                  | [potion of mutation]
 44704 | Snake:3  | Gained mutation: Your flesh is cold resistant. (rC+)
                  | [potion of mutation]
 45649 | D:11     | Bought masterwork pearl dragon scales for 3105 gold pieces
 45659 | D:11     | Identified the +4 pearl dragon scales of Ocucea {rPois rN+
                  | Will+ Regen+ Dex-2} (You bought it in a shop on level 11 of
                  | the Dungeon)
 45967 | Snake:2  | Noticed Asterion
 45986 | Snake:2  | Killed Asterion
 46729 | Elf:1    | Entered Level 1 of the Elven Halls
 47590 | Snake:4  | Entered Level 4 of the Snake Pit
 48595 | Snake:4  | Reached XP level 19. HP: 75/168 MP: 19/19
 49019 | Snake:4  | Noticed Vashnia
 49039 | Snake:4  | Killed Vashnia
 49040 | Snake:4  | Reached skill level 16 in Evocations
 49760 | Snake:4  | Got a serpentine rune of Zot
 49763 | Snake:4  | Got a bloodstained ring mail
 49776 | Snake:4  | Identified the +0 ring mail of Ru's Reproof {rElec Str+2}
                  | (You found it on level 4 of the Snake Pit)
 50178 | Vaults:1 | Entered Level 1 of the Vaults
 50181 | Vaults:1 | Bought a shiny helmet for 315 gold pieces
 52119 | Vaults:2 | Reached XP level 20. HP: 178/178 MP: 20/20
 52126 | Vaults:2 | Noticed Boris
 52142 | Vaults:2 | Killed Boris
 52606 | Vaults:2 | Noticed Saint Roka
 52621 | Vaults:2 | Killed Saint Roka
 53347 | Vaults:2 | Found a staircase to the Crypt.
 53579 | Vaults:2 | Noticed Mara
 53585 | Vaults:2 | Noticed MajorAdolf's illusion
 53596 | Vaults:2 | Noticed MajorAdolf's illusion
 53612 | Vaults:2 | Killed Mara
 53613 | Vaults:2 | Reached skill level 17 in Evocations
 55131 | Vaults:3 | Reached XP level 21. HP: 164/188 MP: 21/21
 55398 | Vaults:3 | Found a gateway to a bazaar.
 55475 | Vaults:3 | You fall into a shaft and drop 1 floor!
 55623 | Vaults:3 | Reached skill level 15 in Shields
 55648 | Vaults:3 | Got a distressingly furry plate armour
 55736 | Bazaar   | Entered a bazaar
 55751 | Bazaar   | Found Gir Cenk's Antique Weapon Emporium.
 55768 | Bazaar   | Found Adeewal's Antique Armour Emporium.
 55772 | Bazaar   | Bought the +3 robe of Folly {Archmagi, Will-- Int+5} for
                  | 1566 gold pieces
 55772 | Bazaar   | Found the +3 robe of Folly {Archmagi, Will-- Int+5}
 55791 | Bazaar   | Found Joonwal's Weapon Shoppe.
 55791 | Bazaar   | Found Hughist's Armour Emporium.
 56008 | Vaults:3 | Identified the +5 plate armour of Dim Light {+Blink Int+5
                  | SInv} (You found it on level 3 of the Vaults)
 56896 | Vaults:4 | Noticed Bai Suzhen
 56918 | Vaults:4 | Killed Bai Suzhen
 56971 | Vaults:4 | Noticed Frederick
 56984 | Vaults:4 | Killed Frederick
 57868 | Vaults:4 | Reached skill level 18 in Evocations
 58104 | Vaults:4 | Found Gokuuxuf's Distillery.
 58112 | Vaults:4 | Bought a potion of curing for 63 gold pieces
 58112 | Vaults:4 | Bought a potion of curing for 63 gold pieces
 58112 | Vaults:4 | Bought a potion of haste for 210 gold pieces
 58112 | Vaults:4 | Bought a potion of haste for 210 gold pieces
 58112 | Vaults:4 | Bought a potion of heal wounds for 105 gold pieces
 58112 | Vaults:4 | Bought a potion of invisibility for 168 gold pieces
 58394 | Vaults:5 | Entered Level 5 of the Vaults
 58410 | Vaults:5 | Reached XP level 22. HP: 155/200 MP: 22/22
 60472 | Vaults:5 | Identified the ring "Ixino" {*Corrode AC+4 Int+8 Dex+3}
 60712 | Vaults:5 | Got a silver rune of Zot
 60738 | Vaults:5 | Noticed a golden dragon
 60756 | Vaults:5 | Killed a golden dragon
 60908 | Vaults:5 | Reached skill level 19 in Evocations
 61870 | Vaults:5 | Noticed a golden dragon
 61894 | Vaults:5 | Killed a golden dragon
 62062 | Vaults:5 | Reached XP level 23. HP: 130/210 MP: 23/23
 62314 | Vaults:5 | Noticed a golden dragon
 62354 | Vaults:5 | Killed a golden dragon
 62720 | Vaults:5 | Identified the Reference Book on Congealing Calling
 62735 | Vaults:5 | Identified The Last Incunabulum of Boris
 63791 | D:14     | Bought a pair of glowing gloves for 322 gold pieces
 63791 | D:14     | Bought a runed cloak for 322 gold pieces
 63833 | D:14     | Bought a bloodstained chain mail for 408 gold pieces
 63843 | D:14     | Identified the +4 chain mail "Pironebb" {Str-2 Dex+5 Slay+2
                  | Stlth+} (You bought it in a shop on level 14 of the
                  | Dungeon)
 63856 | D:14     | Bought the ring "Uxeir" {rElec Dex+6 Stlth+} for 1280 gold
                  | pieces
 63863 | D:14     | Bought the ring "Isoykhl Toex" {rF+ Slay+3} for 758 gold
                  | pieces
 63967 | D:14     | Killed Ficoysum's ghost
 63975 | D:14     | Got a pitted wooden ring
 63978 | D:14     | Identified the ring of Kenoupne {Fire rN+ Int+3 Stlth-}
                  | (You found it on level 14 of the Dungeon)
 64763 | Elf:1    | Found a runed translucent gate.
 64763 | Elf:1    | Found a runed translucent gate.
 64763 | Elf:1    | Found a runed translucent gate.
 64765 | Elf:1    | Noticed Timpihef's ghost (adept OpAK)
 65101 | Elf:1    | Killed Timpihef's ghost
 65308 | Elf:2    | Identified the cursed +1 mace of Buhyt {protect, *Noise rN+
                  | Will+}
 65318 | Elf:2    | Reached skill level 20 in Evocations
 65843 | Elf:2    | Found a huge runed translucent gate.
 65843 | Elf:2    | Found a huge runed translucent gate.
 65843 | Elf:2    | Found a huge runed translucent gate.
 66170 | Elf:2    | Found a huge runed translucent gate.
 66170 | Elf:2    | Found a huge runed translucent gate.
 66226 | Elf:3    | Entered Level 3 of the Elven Halls
 66467 | Elf:3    | Found a radiant altar of Vehumet.
 67490 | Elf:3    | Identified the +7 dagger of Gaminum {elec, rF++ Str+3 Int-5
                  | Stlth+}
 68381 | Elf:3    | Got a clouded jade ring
 68389 | Elf:3    | Got a shimmering silver ring
 68403 | Elf:3    | Identified the Collected Works on Dislocated Ice
 68405 | Elf:3    | Identified Iweis's Catalogue of Vitriolic Evil Magic
 68835 | Elf:2    | Reached XP level 24. HP: 209/223 MP: 22/23
 69857 | Slime:1  | Bought a scroll of enchant armour for 315 gold pieces
 69860 | Slime:2  | Noticed Dissolution
 69876 | Slime:1  | Killed Dissolution
 69883 | Slime:2  | Reached skill level 15 in Dodging
 70215 | Slime:3  | Gained mutation: Your spells are much easier to cast, but
                  | much less powerful. [a shining eye]
 70216 | Slime:3  | Gained mutation: Your magical capacity is low. (-10% MP) [a
                  | shining eye]
 70350 | Slime:4  | Gained mutation: Potions are less effective at restoring
                  | your health. [a shining eye]
 71173 | Slime:5  | Entered Level 5 of the Pits of Slime
 71210 | Slime:5  | Reached skill level 21 in Evocations
 71214 | Slime:5  | Gained mutation: You are weak. (Str -2) [a shining eye]
 71215 | Slime:5  | Gained mutation: You tend to lose your temper in combat. [a
                  | shining eye]
 71216 | Slime:5  | Gained mutation: Your body sometimes deteriorates upon
                  | taking damage. [a shining eye]
 71219 | Slime:5  | Gained mutation: Your magical capacity is very low. (-20%
                  | MP) [a shining eye]
 71224 | Slime:5  | Gained mutation: Your magical capacity is extremely low.
                  | (-30% MP) [a shining eye]
 71543 | Slime:5  | Gained mutation: You are very weak. (Str -4) [a shining
                  | eye]
 71547 | Slime:5  | Gained mutation: You are frail. (-10% HP) [a shining eye]
 71877 | Slime:5  | Gained mutation: Potions are poor at restoring your health.
                  | [a shining eye]
 71879 | Slime:5  | Gained mutation: You are dopey. (Int -2) [a shining eye]
 72064 | Slime:5  | Noticed the Royal Jelly
 72432 | Slime:5  | Killed the Royal Jelly
 72433 | Slime:5  | Reached skill level 15 in Fighting
 73014 | Slime:5  | Identified the ring "Gupepis" {rC++ Int+6} (You found it on
                  | level 3 of the Elven Halls)
 73015 | Slime:5  | Identified the ring of Xinonn {rPois Int+5 Dex-4} (You
                  | found it on level 3 of the Elven Halls)
 73024 | Slime:5  | Got a heavily runed bone ring
 73030 | Slime:5  | Identified the ring "Marchodu" {rF+ AC+4 Dex+5 Slay-2} (You
                  | found it on level 5 of the Pits of Slime)
 73082 | Slime:5  | Got a slimy rune of Zot
 73631 | D:14     | Lost mutation: You are dopey. (Int -2) [potion of mutation]
 73631 | D:14     | Lost mutation: Your spells are much easier to cast, but
                  | much less powerful. [potion of mutation]
 73631 | D:14     | Gained mutation: You can translocate small distances at
                  | will. [potion of mutation]
 73632 | D:14     | Lost mutation: Your magical capacity is extremely low.
                  | (-30% MP) [potion of mutation]
 73632 | D:14     | Lost mutation: You tend to lose your temper in combat.
                  | [potion of mutation]
 73632 | D:14     | Gained mutation: Your skin changes colour to match your
                  | surroundings (Stealth+). [potion of mutation]
 73636 | D:14     | Lost mutation: Your magical capacity is very low. (-20% MP)
                  | [potion of mutation]
 73636 | D:14     | Lost mutation: Your flesh is cold resistant. (rC+) [potion
                  | of mutation]
 73636 | D:14     | Gained mutation: Your body often deteriorates upon taking
                  | damage. [potion of mutation]
 73636 | D:14     | Gained mutation: Your tail ends in a poisonous barb.
                  | [potion of mutation]
 73637 | D:14     | Lost mutation: You are frail. (-10% HP) [potion of
                  | mutation]
 73637 | D:14     | Lost mutation: Your body often deteriorates upon taking
                  | damage. [potion of mutation]
 73637 | D:14     | Gained mutation: You have a pair of small horns on your
                  | head. [potion of mutation]
 73637 | D:14     | Lost mutation: Your spells are easier to cast, but less
                  | powerful. [potion of mutation]
 73780 | Depths:1 | Entered Level 1 of the Depths
 73827 | Depths:1 | Quit the game

Illustrated notes

Levels and vault maps discovered:
D:1:      amcnicky_arrival_flooded_fountain, layout_basic, serial_corexii_hall,
          corexii_hall_statues_l, corexii_hall_statues_x,
          chequers_hall_statues_y, corexii_hall_statues_i
D:2:      layout_basic, uniq_natasha, uniq_sigmund
D:3:      layout_loops_ring, gup_sewer_entry_bowl,
          nicolae_ru_great_annihilating_truth
D:4:      layout_loops_ring
D:5:      layout_basic, general_overflow_altar, nicolae_ossuary_entry_monument
D:6:      cheibrodos_quashed, layout_basic, nzn_random_ring
D:7:      layout_cave_pods, minmay_temple_entry_enclosed_plants,
          lightli_bailey_entry_fortress, serial_shops, nicolae_shop_stone,
          minmay_manual_mares
D:8:      layout_loops_ring, minmay_lair_entry_grove
D:9:      layout_irregular_city
D:10:     lemuel_slime, layout_long_grid, orc_0_dummy, serial_shops,
          nicolae_shop_statue_plus, uniq_urug, uniq_erica
D:11:     layout_loops_corners, basic_altar, chequers_serial_rivers_large_a,
          minmay_the_grid_2x2 [minmay_the_grid_minigrid_large,
          minmay_the_grid_plusring, minmay_the_grid_square_x,
          minmay_the_grid_prize_shrinking_boxes]
D:12:     layout_basic, serial_shops, shop, hex_intersection, kennysheep_donut,
          uniq_maurice, uniq_kirke
D:13:     layout_stronghold, serial_co_window_serial, co_window_paths_b,
          co_window_of_opportunity_a, co_window_of_opportunity_a,
          co_window_paths_b, co_window_of_opportunity_a, co_window_corner_cb,
          co_window_corner_cb, co_window_corner_b, co_window_paths_c,
          co_window_paths_c, co_window_corner_ca, co_window_sun,
          glass_columns_a, glass_columns_a, glass_columns_a, glass_columns_b,
          glass_columns_a, serial_shops, shop_statue
D:14:     layout_stronghold, grunt_vaults_entry_tiered,
          minmay_misc_feat_hallway, maelrawn_ghost_gauntlet_escape, uniq_rupert,
          uniq_frances
D:15:     grunt_enter_depths_snipers, layout_stronghold, st_stairs_2,
          uniq_louise
Temple:   nicolae_temple_the_god_donut
Lair:1:   layout_gridlike, chequers_serial_rivers_room_b
Lair:2:   layout_cave_pods, lemuel_fruit_fields, infiniplex_staircase_pool_2,
          serial_bayou_shore_a
Lair:3:   layout_regular_city, guppyfry_snake_entry_island
Lair:4:   layout_long_grid, palyth_hydra_swamp_entry, serial_rivers,
          chequers_serial_rivers_small_3, chequers_serial_rivers_small_b,
          chequers_serial_rivers_micro_d, chequers_serial_rivers_marsh,
          chequers_serial_rivers_marsh, chequers_serial_rivers_marsh, uniq_snorg
Lair:5:   layout_loops_ring, grunt_forest_large_clearings,
          minmay_lair_oklob_chamber
Lair:6:   due_jungle_book, layout_regular_city, dpeg_slime_entry_enclosed_altar,
          portal_ice_cave_entry_ice_beasts, gammafunk_ghost_grave
Swamp:1:  layout_basic_swamp, gammafunk_ghost_necromancy,
          evilmike_swamp_ruin_rubble_1, hangedman_swamp_ravenous,
          infiniplex_staircase_pool
Swamp:2:  nzn_winding_woodlands_small [nzn_winding_woodlands_5x15_garden,
          nzn_winding_woodlands_center_pierced_h,
          nzn_winding_woodlands_5x15_longhouse], layout_basic_swamp,
          nicolae_swamp_trees_clearing, uniq_jorgrun
Swamp:3:  layout_falls_marsh, evilmike_swamp_ruin_house_2
Swamp:4:  swamp_icy, layout_basic_swamp, grunt_hermit_hut
Snake:1:  layout_onion_interference, grunt_ministairs_13, drop_trap,
          nicolae_snake_lava_pool, grunt_megastairs_1, lemuel_fruit_tree,
          uniq_nikola
Snake:2:  layout_onion_interference, uniq_asterion
Snake:3:  layout_chambers, serial_shops, shop
Snake:4:  johnstein_snake_rune_scales, layout_cave_town, serial_bayou_shore_b,
          uniq_vashnia
Slime:1:  layout_caves, cheibrodos_slime_lost_civilization_4
Slime:2:  layout_caves, nicolae_slime_ancient_tower_intersection,
          dissolution_awaits
Slime:3:  layout_caves
Slime:4:  layout_caves, nicolae_slime_phagocytosis, uniq_dissolution
Slime:5
Orc:1:    layout_diamond_mine, serial_shops, shop, mines1_david, uniq_fannar,
          uniq_harold
Orc:2:    st_orc_pillars, layout_diamond_mine, gammafunk_ghost_arena
Elf:1:    eino_elf_arrival_customs, layout_onion_city,
          ebering_ghost_rock_garden, minivault_28
Elf:2:    layout_loops_corners, due_unseen_surprise
Elf:3:    elf_hall, layout_gridlike, basic_altar, drop_trap
Vaults:1: nicolae_vaults_network_square, vaults_room_grunt_arrival_checkpoint,
          hangedman_vaults_stagger, v_misc_18, nicolae_vaults_rhombus_5,
          vaults_dpeg_ring, ontoclasm_vaults_eye, ontoclasm_vaults_shout,
          layout_vaults_omnigrid
Vaults:2: minmay_crypt_entry_simple_walls, vaults_dpeg_diagonal,
          vaults_room_fancy_cross, vaults_room_boxed,
          nicolae_vaults_network_star, v_misc_31, vaults_mumra_lcd,
          hangedman_vaults_corner, vaults_room_door_hall, v_misc_25, st_cells,
          grunt_vaults_swirl, vaults_room_semicircle, layout_vaults_ring,
          uniq_mara, uniq_boris, uniq_saint_roka
Vaults:3: v_alt_pattern_1, nicolae_vaults_theta,
          nicolae_vaults_mini_display_case, nicolae_vaults_border_crossing,
          dpeg_vaults_monster_row, hangedman_vaults_impose, v_pattern_2,
          v_misc_29, v_misc_24, nicolae_vaults_yaktaur_gun_rack,
          nicolae_vaults_little_squares_1, ontoclasm_vaults_ring_large,
          vaults_dpeg_doors, layout_vaults_maze, serial_shops, statue_bzr
Vaults:4: hangedman_vaults_stretched_pinwheel, v_misc_16,
          hangedman_vaults_stretched_pinwheel, vaults_standard_mumra_x,
          hangedman_vaults_stitches, v_misc_17,
          nicolae_vaults_twisting_passages, v_misc_27, nicolae_vaults_alarming,
          hangedman_vaults_slice, layout_vaults_omnicross, serial_shops,
          nicolae_shop_competitors_out_of_business, uniq_bai_suzhen,
          uniq_frederick
Vaults:5
Depths:1: layout_honeycomb, serial_sigils, serial_sigils_hangedman_scar,
          serial_sigils_hangedman_clutch, serial_sigils_hangedman_scratch,
          serial_sigils_hangedman_confine, grunt_metal_band,
          minmay_misc_feat_cross, grunt_megastairs_2, serial_bayou_shore_b

Skill      XL: |  1  2  3  4  5  6  7  8  9 10 11 12 13 14 15 16 17 18 19 20 21 22 23 24 |
---------------+-------------------------------------------------------------------------+-----
Dodging        | 1 2 3 4 5 6 7 8 9 10 11 12 13 14 15 | 15.3
Axes           | 1 2 3 4 5 7 8 9 11 12 13 14 15 16 17 18 | 18.0
Armour         | 3 4 5 6 7 8 9 10 11 12 13 14 | 14.1
Shields        | 1 2 3 4 6 7 8 9 10 11 12 13 14 15 | 15.0
Evocations     | 1 2 3 4 5 7 8 9 10 12 13 14 15 16 17 18 19 20 21 | 21.3
Fighting       | 4 5 6 7 8 9 10 11 12 13 14 15 | 15.0
Bows           | |  1.7
Stealth        | |  3.0

Action                   |  1- 3 |  4- 6 |  7- 9 | 10-12 | 13-15 | 16-18 | 19-21 | 22-24 || total
-------------------------+-------+-------+-------+-------+-------+-------+-------+-------++-------
Melee: Club              |   112 |       |       |       |       |       |       |       ||   112
       Short sword       |    60 |   260 |   190 |       |       |       |       |       ||   510
       Mace              |       |       |   159 |       |       |       |       |       ||   159
       Dagger            |       |       |   298 |   143 |       |       |       |       ||   441
       Broad axe         |       |       |       |   473 |   700 |  1183 |  1222 |  1277 ||  4855
       Constrict         |       |       |       |       |   140 |   238 |   210 |   162 ||   750
       Unarmed           |       |       |       |       |     5 |       |       |       ||     5
       Tailslap          |       |       |       |       |       |       |       |     8 ||     8
       Headbutt          |       |       |       |       |       |       |       |     7 ||     7
Invok: Call Merchant     |       |       |       |     1 |       |       |     1 |     4 ||     6
 Abil: Spit Poison       |    17 |     4 |     4 |    40 |     1 |       |       |       ||    66
Evoke: Box of beasts     |       |       |       |     2 |     2 |       |     2 |       ||     6
       Wand              |       |       |       |       |    21 |    11 |     2 |     4 ||    38
       Phantom mirror    |       |       |       |       |     2 |       |       |       ||     2
       Tin of tremorston |       |       |       |       |       |     3 |     4 |     7 ||    14
  Use: Potion            |     1 |       |     1 |     2 |     4 |    15 |     3 |     6 ||    32
       Scroll            |       |     4 |     7 |    13 |    13 |    18 |       |    20 ||    75
 Stab: Sleeping          |       |     2 |    11 |    17 |    29 |     5 |       |       ||    64
       Paralysed         |       |     1 |       |       |       |     2 |       |       ||     3
       Distracted        |       |       |       |     1 |     7 |     6 |    15 |     9 ||    38
Armor: Scale mail        |   110 |    23 |       |       |       |   257 |       |       ||   390
       Skin              |    10 |       |     9 |    15 |       |       |     6 |       ||    40
       Ring mail         |       |    91 |   203 |   230 |   312 |     2 |       |       ||   838
       Crystal plate arm |       |       |       |       |       |   150 |       |       ||   150
       Plate armour      |       |       |       |       |       |    89 |   377 |   443 ||   909
Dodge: Dodged            |    90 |   249 |   362 |   186 |   306 |   407 |   267 |   276 ||  2143
Block: Tower shield      |       |       |   234 |   571 |   760 |  1322 |  1196 |  1052 ||  5135
